 Dungeon Crawl Stone Soup version 0.18-a0-1792-g362e38b (webtiles) character file.

792 Fainsinger the Vexing (level 8, -3/57 HPs)
             Began as a Human Arcane Marksman on Apr 22, 2016.
             Was an Initiate of Dithmenos.
             Slain by HoCheiMinh's ghost (16 damage)
             ... on level 5 of the Dungeon on Apr 23, 2016.
             The game lasted 01:30:32 (4864 turns).

Fainsinger the Vexing (Human Arcane Marksman)       Turns: 4864, Time: 01:30:32

Health: -3/57      AC:  9    Str: 19    XL:     8   Next: 12%
Magic:  11/11      EV: 14    Int: 14    God:    Dithmenos [......]
Gold:   333        SH:  0    Dex: 21    Spells: 3 memorised, 5 levels left

rFire  x . .     SeeInvis .     s - +8 hunting sling of the Lost Mice {venom, rC- Str+7 Dex+7}
rCold  . . .     Gourm    .     e - +2 leather armour {rN+}
rNeg   + . .     Faith    .     (no shield)
rPois  .         Spirit   .     (no helmet)
rElec  .         Dismiss  .     g - +0 cloak
rCorr  .         Reflect  .     (no gloves)
SustAt .         Harm     .     v - +2 pair of boots
MR     .....                    (no amulet)
Stlth  ++........               (no ring)
                                r - ring of ice

@: not resistant to hostile enchantments, unstealthy
A: no striking features
a: Renounce Religion


You were on level 5 of the Dungeon.
You worshipped Dithmenos.
Dithmenos was noncommittal.
You were not hungry.

You visited 2 branches of the dungeon, and saw 6 of its levels.

You collected 333 gold pieces.

Inventory:

Hand Weapons
 a - a +0 shortbow
 i - a +2 mace of crushing
 k - a cursed -1 short sword
 m - a +1 whip of flaming
 o - a +0 short sword
 s - the +8 hunting sling of the Lost Mice (weapon) {venom, rC- Str+7 Dex+7}
   (You found it on level 4 of the Dungeon)

   It poisons the ammo it fires.
   It affects your strength (+7).
   It affects your dexterity (+7).
   It makes you vulnerable to cold.
 w - a +1 dagger of venom
 x - the cursed +14 obsidian axe {chop, +Fly Str+3 SInv *Curse}
   (You found it on level 5 of the Dungeon)

   It inflicts extra damage upon your enemies.
   It affects your strength (+3).
   It lets you see invisible.
   It lets you fly.
   It may re-curse itself when equipped.
   It has a curse placed upon it.
Missiles
 d - 89 arrows
 h - 106 stones
 j - 8 sling bullets (quivered)
 l - 3 throwing nets
 q - 5 tomahawks
Armour
 e - a +2 leather armour of positive energy (worn)
 g - a +0 cloak (worn)
 v - a +2 pair of boots (worn)
Jewellery
 r - a ring of ice (left hand)
Wands
 u - a wand of iceblast (4/15)
Scrolls
 y - a scroll of blinking
 z - a scroll of teleportation
Potions
 t - 2 potions of mutation {unknown}
Books
 c - a book of Debilitation

   Spells                             Type                      Level
   a - Corona                         Hexes                        1
   b - Slow                           Hexes                        2
   c - Gell's Gravitas                Hexes/Translocation          3
   d - Inner Flame                    Hexes/Fire                   3
   e - Cause Fear                     Hexes                        4
   f - Leda's Liquefaction            Hexes/Earth                  4
Comestibles
 b - a chunk of flesh
 f - 3 bread rations
 n - 3 meat rations
 p - 17 fruits


   Skills:
 + Level 2.3 Fighting
 + Level 1.6 Short Blades
 + Level 1.7 Maces & Flails
 * Level 2.4 Slings
 * Level 3.9 Bows
 + Level 1.7 Armour
 + Level 3.0 Dodging
 * Level 2.9 Stealth
 + Level 2.2 Spellcasting
 * Level 4.4 Hexes
 + Level 1.4 Evocations


You had 5 spell levels left.
You knew the following spells:

 Your Spells              Type           Power        Failure   Level  Hunger
a - Corona                Hex            ##.....      4%          1    #......
b - Slow                  Hex            ##......     8%          2    ###....
c - Gell's Gravitas       Hex/Tloc       #.........   38%         3    ###....


Dungeon Overview and Level Annotations

Branches:
Dungeon (5/15)             Temple (1/1) D:4

Altars:
Ashenzari
Dithmenos
Fedhas
Gozag
Makhleb
Nemelex Xobeh
Okawaru
Pakellas
Qazlal
Ru
Sif Muna
Vehumet
Xom
Zin
The Shining One

Annotations:
D:5 HoCheiMinh's ghost, novice HOMo


Message History

Firing (i - inventory. (,) - cycle):
j - 11 sling bullets (quivered)
Press: ? - help, Shift-Dir - straight line, f/p - HoCheiMinh's ghost
Aim: HoCheiMinh's ghost (almost destroyed)
You shoot a sling bullet.
The sling bullet misses HoCheiMinh's ghost.
HoCheiMinh's ghost hits you.
Firing (i - inventory. (,) - cycle):
j - 10 sling bullets (quivered)
Press: ? - help, Shift-Dir - straight line, f/p - HoCheiMinh's ghost
Aim: HoCheiMinh's ghost (almost destroyed)
You shoot a sling bullet.
The sling bullet closely misses HoCheiMinh's ghost.
HoCheiMinh's ghost hits you!
* * * LOW HITPOINT WARNING * * *
Firing (i - inventory. (,) - cycle):
j - 9 sling bullets (quivered)
Press: ? - help, Shift-Dir - straight line, f/p - HoCheiMinh's ghost
Aim: HoCheiMinh's ghost (almost destroyed)
You shoot a sling bullet.
The sling bullet closely misses HoCheiMinh's ghost.
HoCheiMinh's ghost hits you!
You die...

#. ####.##.# ##.
#.# #.......# #.
#.# #..###### #.
#.# #.>## ##
#.###...##
#.##.....##
..######.#.......##
..................#
#....@W.....(...#
#.####..........#
#.#.......#######
#................
####.<..#########
#..### #..# #..#
#.<#


You could see HoCheiMinh's ghost.

Vanquished Creatures
  Grinder (D:4)
  A water moccasin (D:4)
  A phantom (D:5)
  A scorpion (D:4)
  A howler monkey (D:4)
  A centaur zombie (D:5)
  2 orc wizards
  An iguana (D:5)
  A hound skeleton (D:4)
  4 adders
  8 gnolls (D:4)
  An ooze (D:3)
  5 dart slugs
  2 giant geckos
  7 orcs
  4 giant cockroaches
  4 goblins (D:1)
  4 hobgoblins
  4 jackals (D:3)
  5 quokkas
  A ball python (D:4)
  A bat (D:1)
  3 giant newts
  7 kobolds
  A quokka skeleton (D:5)
  6 rats
77 creatures vanquished.

Notes
Turn   | Place    | Note
--------------------------------------------------------------
     0 | D:1      | Fainsinger the Human Arcane Marksman began the quest for the Orb.
     0 | D:1      | Reached XP level 1. HP: 15/15 MP: 2/2
   151 | D:1      | Reached XP level 2. HP: 21/21 MP: 3/3
   234 | D:1      | Learned a level 2 spell: Slow
   449 | D:1      | You fall through a shaft!
   465 | D:2      | Reached XP level 3. HP: 26/26 MP: 4/4
   755 | D:2      | Found an iron altar of Okawaru.
  1967 | D:3      | Found a blossoming altar of Fedhas.
  1980 | D:3      | Found a stormy altar of Qazlal.
  1998 | D:3      | Reached XP level 4. HP: 32/32 MP: 3/5
  2130 | D:3      | Found a faded altar to an unknown god.
  2216 | D:3      | Reached skill level 1 in Stealth
  2322 | D:3      | Found a glowing silver altar of Zin.
  2325 | D:3      | Found a deep blue altar of Sif Muna.
  2328 | D:3      | Found a shattered altar of Ashenzari.
  2780 | D:4      | Got a polished hunting sling
  2783 | D:4      | Identified the +8 hunting sling of the Lost Mice {venom, rC- Str+7 Dex+7} (You found it on level 4 of the Dungeon)
  2848 | D:4      | Found a staircase to the Ecumenical Temple.
  2853 | D:4      | Reached XP level 5. HP: 38/38 MP: 4/7
  2876 | Temple   | Entered the Ecumenical Temple
  2961 | Temple   | Became a worshipper of Dithmenos the Shadowed
  3252 | D:4      | Learned a level 3 spell: Gell's Gravitas
  3286 | D:4      | Noticed Grinder
  3307 | D:4      | Noticed a water moccasin
  3358 | D:4      | Reached skill level 1 in Slings
  3454 | D:4      | Killed a water moccasin
  3454 | D:4      | Reached skill level 1 in Armour
  3454 | D:4      | Reached skill level 4 in Hexes
  3454 | D:4      | Reached XP level 6. HP: 44/44 MP: 8/8
  3507 | D:4      | Paralysed by Grinder for 2 turns
  3518 | D:4      | Paralysed by Grinder for 2 turns
  3522 | D:4      | Killed Grinder
  3522 | D:4      | Reached skill level 1 in Short Blades
  3522 | D:4      | Reached skill level 1 in Maces & Flails
  3522 | D:4      | Reached skill level 1 in Evocations
  3522 | D:4      | Reached XP level 7. HP: 43/50 MP: 8/10
  3930 | D:5      | Entered Level 5 of the Dungeon
  4082 | D:5      | Reached XP level 8. HP: 46/56 MP: 11/11
  4120 | D:5      | Noticed HoCheiMinh's ghost (novice HOMo)
  4864 | D:5      | Slain by HoCheiMinh's ghost

Vault maps used:
D:1:      lemuel_arrival_funnel
D:2:      first_bread, dk_vineyard_1, roderic_roman_lattice,
          kennysheep_okawaru_gauntlet
D:3:      nicolae_qazlal_general_emergency, fedhas_altar_2,
          grunt_temple_overflow_diamond, ecumenical_altar_1
D:4:      uniq_grinder
D:5:      cheibrodos_gnoll_hut
Temple:   chambers_temple_10

Skill      XL: |  1  2  3  4  5  6  7  8 |
---------------+-------------------------+-----
Stealth        | 1 2 |  2.9
Slings         | 1 2 |  2.4
Bows           | 3 |  3.9
Armour         | 1 |  1.7
Hexes          | 4 |  4.4
Fighting       | 2 |  2.3
Short Blades   | 1 |  1.6
Maces & Flails | 1 |  1.7
Spellcasting   | 2 |  2.2
Evocations     | 1 |  1.4
Dodging        | 3 |  3.0

Action                   |  1- 3 |  4- 6 |  7- 9 || total
-------------------------+-------+-------+-------++-------
 Fire: Shortbow          |    95 |    43 |       ||   138
       Hunting sling     |       |    45 |    84 ||   129
 Cast: Corona            |     7 |       |       ||     7
       Slow              |       |     2 |       ||     2
  Use: Scroll            |     2 |     4 |     3 ||     9
  Eat: Bread ration      |     1 |     1 |       ||     2
       Chunk             |       |     1 |     2 ||     3
       Fruit             |       |       |     1 ||     1
Armor: Leather armour    |    16 |     6 |     6 ||    28
Dodge: Dodged            |    38 |     8 |    17 ||    63
